[Event "Titled Tuesday Blitz March 15 Late 2022"]
[White "Dylag, Emilia"]
[Black "Logozar, Elijah"]
[WhiteFideId "21805172"]
[BlackFideId "30963788"]
[WhiteElo "1932"]
[BlackElo "2527"]
[Result "0-1"]
[Round "02"]
[TimeControl "180+1"]
[Date "2022.03.16"]
[WhiteClock "0:00:04"]
[BlackClock "0:02:35"]

1. Nf3 g5 2. h3 e6 3. d4 Bg7 4. c4 h6 5. Nc3 b6 6. e4 Bb7 7. Bd3 d6 8. Be3 Nd7 9. Qc2 c5 10. O-O-O a6 11. dxc5 Nxc5 12. Bxc5 bxc5 13. e5 Bxf3 14. gxf3 Bxe5 15. Be4 Rb8 16. Bc6+ Kf8 17. h4 Qf6 18. Rd3 Ne7 19. Be4 gxh4 20. Rg1 Rg8 21. Rxg8+ Kxg8 22. Kb1 Kh8 0-1


[Site "https://www.chess.com"]

[Event "Titled Tuesday Blitz March 15 Late 2022"]
[White "Eisen, Zane"]
[Black "Mikhalsky, Vladimir"]
[WhiteFideId "2098750"]
[BlackFideId "14144352"]
[WhiteElo "2017"]
[BlackElo "2301"]
[Result "0-1"]
[Round "02"]
[TimeControl "180+1"]
[Date "2022.03.16"]
[WhiteClock "0:01:04"]
[BlackClock "0:01:08"]

1. e4 g6 2. d4 Bg7 3. f4 d6 4. Nf3 Nf6 5. Nc3 O-O 6. Bd3 Na6 7. Be3 Nb4 8. Be2 Bg4 9. a3 Nc6 10. d5 Nb8 11. O-O c5 12. Bc4 Na6 13. h3 Bd7 14. g4 b5 15. g5 Nxe4 16. Nxe4 bxc4 17. c3 Bxh3 18. Nh4 Bxf1 19. Qxf1 Rb8 20. Qxc4 Qc8 21. f5 gxf5 22. Ng3 e6 23. Nh5 Rxb2 24. Rf1 Nc7 25. dxe6 Qxe6 26. Qf4 Nd5 0-1


[Site "https://www.chess.com"]

[Event "Titled Tuesday Blitz March 15 Late 2022"]
[White "Elissalt Cardenas, Hector"]
[Black "Zavgorodniy, Sergiy"]
[WhiteFideId "3500632"]
[BlackFideId "14110148"]
[WhiteElo "2159"]
[BlackElo "2420"]
[Result "1-0"]
[Round "02"]
[TimeControl "180+1"]
[Date "2022.03.16"]
[WhiteClock "0:00:07"]
[BlackClock "0:00:19"]

1. d4 Nf6 2. c4 e6 3. Nc3 Bb4 4. e3 b6 5. Bd3 Bb7 6. Ne2 Bxg2 7. Rg1 Be4 8. a3 Bxc3+ 9. Nxc3 Bg6 10. e4 Nc6 11. Be3 e5 12. dxe5 Nxe5 13. Be2 Nc6 14. Qc2 Qe7 15. f3 O-O-O 16. O-O-O Qe6 17. c5 Kb8 18. Kb1 d5 19. cxd6 Rxd6 20. Rxd6 Qxd6 21. Nb5 Qe6 22. Bf4 Rc8 23. Rc1 Nxe4 24. fxe4 Bxe4 25. Bd3 Bxd3 26. Qxd3 a6 27. Nxc7 Rxc7 28. Qg3 Qe7 29. Ka1 Kb7 30. Bxc7 Qxc7 31. Qxg7 h5 32. Qg2 b5 33. Qd5 Kb6 34. Qc5+ Kb7 35. Qxh5 Qd7 36. Qf3 Kb6 37. Qe3+ Nd4 38. Rd1 Kc5 39. h4 a5 40. h5 b4 41. Qxd4+ Qxd4 42. Rxd4 Kxd4 43. h6 1-0


[Site "https://www.chess.com"]

[Event "Titled Tuesday Blitz March 15 Late 2022"]
[White "Eynullayev, Atilla"]
[Black "Prohorov, Olexandr"]
[WhiteFideId "13413570"]
[BlackFideId "14105578"]
[WhiteElo "1979"]
[BlackElo "1993"]
[Result "1-0"]
[Round "02"]
[TimeControl "180+1"]
[Date "2022.03.16"]
[WhiteClock "0:00:06"]
[BlackClock "0:00:01"]

1. Nf3 g6 2. g3 Bg7 3. Bg2 f5 4. O-O Nf6 5. b3 O-O 6. Bb2 d6 7. c4 Nc6 8. Nc3 Qe8 9. Nd5 Nxd5 10. Bxg7 Kxg7 11. cxd5 Ne5 12. Nd4 Bd7 13. Ne6+ Bxe6 14. dxe6 c6 15. b4 Qc8 16. Qb3 Rf6 17. d4 Ng4 18. h3 Nh6 19. d5 f4 20. Rac1 c5 21. bxc5 dxc5 22. d6 Rb8 23. d7 Qc7 24. Qd5 b6 25. g4 Ng8 26. Rfd1 Rd8 27. a4 h5 28. g5 Rf5 29. Qb7 Qe5 30. h4 f3 31. exf3 Qf4 32. Qc8 Rff8 33. Qc6 Qxh4 34. Qe4 Qxg5 35. a5 h4 36. Kh2 Nf6 37. Qe3 Qf5 38. Bh3 Qh5 39. axb6 axb6 40. Rb1 Nd5 41. Qe4 Nf4 42. Bg4 Qg5 43. Rxb6 h3 44. Rc6 Rh8 45. Rc1 Qh4 46. Qe3 Ng2 47. Qe5+ Kh7 48. Qg3 Qg5 49. R1xc5 Qf6 50. Rc8 Kg7 51. Rxd8 Rxd8 52. Rc8 Qf8 53. Qe5+ Kh7 54. Qc7 Ne1 55. Rxd8 Qf6 56. Rf8 Qxf8 57. d8=Q Qf6 58. Qdxe7+ 1-0


[Site "https://www.chess.com"]

[Event "Titled Tuesday Blitz March 15 Late 2022"]
[White "Federzoni, Enzo"]
[Black "Sanchez Alvares, Kelvin Antonio"]
[WhiteFideId "2173301"]
[BlackFideId "3906680"]
[WhiteElo "1956"]
[BlackElo "2193"]
[Result "1-0"]
[Round "02"]
[TimeControl "180+1"]
[Date "2022.03.16"]
[WhiteClock "0:00:37"]
[BlackClock "0:00:11"]

1. d4 d5 2. Bf4 Nf6 3. e3 c5 4. c3 Nc6 5. Nd2 Qb6 6. Qb3 c4 7. Qc2 Nh5 8. Bg3 g6 9. Be2 Nxg3 10. hxg3 Bg7 11. e4 e6 12. Ngf3 Bd7 13. e5 h6 14. O-O O-O 15. b3 cxb3 16. axb3 Rfc8 17. Qb2 Ne7 18. Rfc1 Bb5 19. c4 dxc4 20. bxc4 Bc6 21. Qxb6 axb6 22. Rxa8 Rxa8 23. Rc2 h5 24. Rb2 Bh6 25. Bd3 g5 26. Ne4 g4 27. Nfd2 Rd8 28. Nd6 Bxd2 29. Rxd2 Nc8 30. c5 bxc5 31. dxc5 Ne7 32. Rb2 Ra8 33. Kf1 Ra5 34. Nxb7 Bxb7 35. Rxb7 Nc6 36. Be4 Nxe5 37. c6 Rc5 38. c7 Kg7 39. Rb5 Rc1+ 40. Ke2 Kf6 41. Rb7 Ng6 42. Bxg6 Kxg6 43. Kd2 Rc5 44. Ke3 Kf5 45. Kd4 Rc1 46. Rb5+ Kg6 47. Rc5 1-0


[Site "https://www.chess.com"]

[Event "Titled Tuesday Blitz March 15 Late 2022"]
[White "Fier, Alexandr"]
[Black "Fishbein, Mitch"]
[WhiteFideId "2107139"]
[BlackFideId "30922917"]
[WhiteElo "2571"]
[BlackElo "1939"]
[Result "1-0"]
[Round "02"]
[TimeControl "180+1"]
[Date "2022.03.16"]
[WhiteClock "0:01:52"]
[BlackClock "0:00:02"]

1. b3 g6 2. Bb2 Nf6 3. g4 Bg7 4. g5 Nh5 5. Bxg7 Nxg7 6. h4 d6 7. Bg2 c5 8. Nf3 Nc6 9. d4 cxd4 10. Nxd4 Bd7 11. c4 Nf5 12. Nxf5 Bxf5 13. Nc3 Qa5 14. Qd2 Qe5 15. Rd1 Be6 16. Nd5 Bxd5 17. Bxd5 Rd8 18. e3 O-O 19. f4 Qg7 20. Kf2 e6 21. Bf3 f6 22. Kg3 e5 23. Bd5+ Kh8 24. h5 exf4+ 25. exf4 fxg5 26. fxg5 Qe5+ 27. Kg2 Rf5 28. Rh2 Rxg5+ 29. Kh1 Rxh5 30. Rf1 Rxh2+ 31. Qxh2 Qxh2+ 32. Kxh2 Rd7 33. Rf8+ Kg7 34. Ra8 a6 35. a3 Re7 36. b4 h5 37. b5 axb5 38. cxb5 Ne5 39. b6 Kf6 40. a4 Nd3 41. a5 Nc5 42. Rc8 Re2+ 43. Kg3 Rd2 44. Bf3 Ra2 45. Rd8 Rxa5 46. Rxd6+ Kg7 47. Kf2 Rb5 48. Ke3 Na4 49. Rd7+ Kf6 50. Bxb7 Rxb6 51. Bd5 Nc5 52. Rc7 Ne6 53. Kf2 Rb2+ 54. Kg3 Rd2 55. Bc4 Rc2 56. Rc6 Rc3+ 57. Kg2 Re3 58. Kf2 Re5 59. Rc8 Kg5 60. Re8 Rf5+ 61. Kg2 Nf4+ 62. Kh2 h4 63. Re4 Nh5 64. Re6 Rf2+ 65. Kg1 Rf4 66. Bd3 Rd4 67. Rxg6+ Kf4 68. Bc2 Ng3 69. Rh6 Rd2 70. Bb3 Rb2 71. Be6 Rb1+ 72. Kg2 Rb2+ 73. Kh3 Ne4 74. Rh5 Nf2+ 75. Kxh4 Ne4 76. Rf5+ Ke3 77. Re5 Rh2+ 78. Kg4 Rg2+ 79. Kf5 Rf2+ 80. Kg6 Rg2+ 81. Kf7 Rf2+ 82. Ke7 Kd4 83. Rd5+ Ke3 84. Ra5 Re2 85. Ra3+ Kf4 86. Kf8 Ng5 87. Bd7 Rd2 88. Bc8 Ke5 89. Kg7 Ne6+ 90. Kf7 Nc5 91. Ra5 Kd4 92. Ke7 Re2+ 93. Kd6 Ne4+ 94. Kc6 Rc2+ 95. Kd7 Nc5+ 96. Kd8 Nb3 97. Ra4+ Kc3 98. Be6 Rd2+ 99. Ke7 Nc5 100. Rc4+ Kd3 101. Rxc5 Re2 102. Rg5 Kd2 103. Kd6 Re3 104. Kd5 Rd3+ 105. Kc4 Re3 106. Bd5 Rc3+ 107. Kb4 Re3 108. Bc4 Re4 109. Rg3 Re3 110. Rg2+ Ke1 111. Kc5 Rh3 112. Kd4 Ra3 113. Bd3 Kd1 114. Ke3 Kc1 115. Rc2+ Kd1 116. Rb2 Ra1 117. Rb4 Ra2 118. Rb1# 1-0


[Site "https://www.chess.com"]

[Event "Titled Tuesday Blitz March 15 Late 2022"]
[White "Fiorito, Fabian"]
[Black "Bongo Akanga Ndjila, Barthelemy"]
[WhiteFideId "100200"]
[BlackFideId "10609431"]
[WhiteElo "2395"]
[BlackElo "1803"]
[Result "1-0"]
[Round "02"]
[TimeControl "180+1"]
[Date "2022.03.16"]
[WhiteClock "0:00:13"]
[BlackClock "0:00:01"]

1. e4 c6 2. d4 d5 3. Nc3 dxe4 4. Nxe4 Nf6 5. Nxf6+ gxf6 6. c3 Bf5 7. Be3 e6 8. h4 h5 9. Bd3 Bxd3 10. Qxd3 Bd6 11. Nf3 Qc7 12. a3 Nd7 13. b4 a5 14. Rb1 axb4 15. axb4 Ra2 16. Nd2 Bf4 17. Qc4 Ra3 18. Rh3 Nb6 19. Bxf4 Qxf4 20. Qc5 Nd5 21. b5 Ra2 22. Rd1 Kd7 23. Rf3 Qxh4 24. g3 Qh1+ 25. Ke2 Qg2 26. Qc4 Ra3 27. Ne4 h4 28. Nc5+ Ke7 29. Nxb7 Kf8 30. Qc5+ Kg7 31. Qxa3 h3 32. Qa1 h2 33. Rh1 Qh3 34. bxc6 Qh5 35. Qc1 Rd8 36. c4 Rc8 37. cxd5 exd5 38. Qc2 Qg5 39. Rxh2 1-0


[Site "https://www.chess.com"]

[Event "Titled Tuesday Blitz March 15 Late 2022"]
[White "Fishbein, Alexander"]
[Black "Yoo, Christopher Woojin"]
[WhiteFideId "2000377"]
[BlackFideId "30909694"]
[WhiteElo "2442"]
[BlackElo "2105"]
[Result "0-1"]
[Round "02"]
[TimeControl "180+1"]
[Date "2022.03.15"]
[WhiteClock "0:00:40"]
[BlackClock "0:01:07"]

1. e4 e6 2. d4 d5 3. exd5 exd5 4. Nf3 Nf6 5. Bd3 Bd6 6. Qe2+ Qe7 7. Qxe7+ Kxe7 8. O-O Re8 9. Re1+ Kf8 10. Rxe8+ Kxe8 11. Nc3 c6 12. Bg5 Nbd7 13. Re1+ Kf8 14. Ne5 h6 15. Bf4 Be7 16. h3 Nxe5 17. Bxe5 Bd7 18. Ne2 Re8 19. Ng3 g6 20. Re2 h5 21. Nf1 Be6 22. Nh2 Nd7 23. Bf4 Bf6 24. c3 g5 25. Bd6+ Kg7 26. Nf3 g4 27. hxg4 hxg4 28. Ne5 Nxe5 29. Bxe5 Rh8 30. Re3 Bxe5 31. Rxe5 Kf6 32. f4 gxf3 33. gxf3 c5 34. f4 cxd4 35. cxd4 Rh4 36. f5 Bd7 37. Rxd5 Bc6 38. Rd8 Ke7 39. Ra8 Rxd4 40. Bf1 a6 41. b3 Rg4+ 42. Kh2 Rf4 43. Bd3 Rf2+ 44. Kg3 Rf3+ 0-1


[Site "https://www.chess.com"]

[Event "Titled Tuesday Blitz March 15 Late 2022"]
[White "Garriga Cazorla, Pere"]
[Black "Vachier-Lagrave, Maxime"]
[WhiteFideId "32011601"]
[BlackFideId "623539"]
[WhiteElo "2458"]
[BlackElo "2813"]
[Result "1-0"]
[Round "02"]
[TimeControl "180+1"]
[Date "2022.03.15"]
[WhiteClock "0:00:07"]
[BlackClock "0:00:09"]

1. d4 Nf6 2. c4 e6 3. Nc3 Bb4 4. Qc2 d5 5. cxd5 Qxd5 6. Nf3 Qf5 7. Qb3 Nc6 8. h3 O-O 9. a3 Bxc3+ 10. bxc3 e5 11. e3 Be6 12. Qb1 e4 13. Nd2 Qa5 14. Bb2 Ne7 15. Be2 c5 16. Nxe4 Nxe4 17. Qxe4 cxd4 18. exd4 Qb6 19. Bc1 Rac8 20. Rb1 Bf5 21. Rxb6 Bxe4 22. Rb3 Bxg2 23. Rg1 Bd5 24. c4 Bxc4 25. Rxb7 Bd5 26. Rxe7 Rxc1+ 27. Bd1 Ra1 28. Rg3 g6 29. Rc3 Rb8 30. Kd2 a6 31. Bc2 Kg7 32. Re5 Rd8 33. Be4 Ra2+ 34. Ke3 Bxe4 35. Rxe4 Rd6 36. Rd3 Rf6 37. f3 Rh2 38. h4 Rh3 39. Rf4 Rxf4 40. Kxf4 Rxh4+ 41. Ke5 Rh5+ 42. Kd6 Rf5 43. d5 h5 44. Kc6 h4 45. d6 h3 46. d7 h2 47. Rd1 Rf6+ 48. Kc7 Rxf3 49. d8=Q Rxa3 50. Qd4+ Kg8 51. Qd8+ Kg7 52. Rh1 Rc3+ 53. Kb6 Rh3 54. Qd6 1-0


[Site "https://www.chess.com"]

[Event "Titled Tuesday Blitz March 15 Late 2022"]
[White "Goltsev, Dmitry"]
[Black "Niemann, Hans Moke"]
[WhiteFideId "24176710"]
[BlackFideId "2093596"]
[WhiteElo "2273"]
[BlackElo "2632"]
[Result "1/2-1/2"]
[Round "02"]
[TimeControl "180+1"]
[Date "2022.03.15"]
[WhiteClock "0:00:04"]
[BlackClock "0:00:07"]

1. e4 c5 2. Nf3 d6 3. d4 cxd4 4. Nxd4 Nf6 5. Nc3 Nc6 6. Be2 e5 7. Nb3 h6 8. Be3 Be7 9. O-O Be6 10. f4 exf4 11. Bxf4 O-O 12. Kh1 Rc8 13. Bf3 Ne5 14. Bxe5 dxe5 15. Qxd8 Rfxd8 16. Rfd1 Rxd1+ 17. Rxd1 Bb4 18. Rd3 Bxc3 19. Rxc3 Rxc3 20. bxc3 Nd7 21. Kg1 Nb6 22. Nc5 Bxa2 23. Nxb7 Na4 24. Na5 Nxc3 25. Nc6 a6 26. Nxe5 Bb1 27. Nc6 Kf8 28. Kf2 Bxc2 29. Nb4 Bxe4 30. Nxa6 Bh7 31. Nc5 Ke7 32. g3 Nb5 33. Ke3 Kd6 34. Ne4+ Bxe4 35. Kxe4 Nc7 36. Kf5 Ne6 37. Bh5 Ke7 38. Ke5 Nf8 39. h4 Nd7+ 40. Kf5 Nc5 41. Be2 Nb3 42. Ke5 Nc5 43. Kf5 g6+ 44. Ke5 Nd7+ 45. Kf4 Kf6 46. g4 g5+ 47. hxg5+ hxg5+ 48. Kg3 Ke5 49. Bc4 f6 50. Bd3 Kd4 51. Bf5 Ne5 52. Bc8 Ke3 53. Bf5 Nc4 54. Bc8 Nd6 55. Be6 Ne4+ 56. Kg2 Kf4 57. Bc8 Nc5 58. Kf2 Nd3+ 59. Kg2 Ne5 60. Kh3 Kf3 61. Bf5 Kf2 62. Bc8 Ng6 63. Bb7 Nf4+ 64. Kh2 Nd3 65. Kh3 Ne5 66. Bc8 Kf3 67. Bb7+ Kf4 68. Bc8 Nd3 69. Kg2 Nc5 70. Bf5 Ne4 71. Bc8 Ke3 72. Bf5 Nd6 73. Bd7 Kf4 74. Kh3 Kf3 75. Bc6+ Kf2 76. Kh2 Nf7 77. Kh3 Ne5 78. Bb7 Nf3 79. Bc6 Ng1+ 80. Kh2 Ne2 81. Kh3 Nd4 82. Bb7 Ne6 83. Kh2 Ke3 84. Kg3 Nc5 85. Bc8 Ne4+ 86. Kg2 Kf4 87. Bd7 Nd6 88. Kh3 Nf7 89. Bc8 Nd6 90. Bd7 1/2-1/2


[Site "https://www.chess.com"]

[Event "Titled Tuesday Blitz March 15 Late 2022"]
[White "Goryachkina, Aleksandra"]
[Black "Maghsoodloo, Parham"]
[WhiteFideId "4147103"]
[BlackFideId "12539929"]
[WhiteElo "2426"]
[BlackElo "2630"]
[Result "0-1"]
[Round "02"]
[TimeControl "180+1"]
[Date "2022.03.15"]
[WhiteClock "0:00:01"]
[BlackClock "0:00:53"]

1. e4 e5 2. Nf3 Nc6 3. d4 exd4 4. Nxd4 Nf6 5. Nxc6 bxc6 6. e5 Qe7 7. Qe2 Nd5 8. g3 a5 9. Bg2 Ba6 10. c4 Nb6 11. b3 Qe6 12. O-O Bc5 13. Bb2 O-O 14. Nd2 d5 15. Qh5 a4 16. Rac1 Bb4 17. Bc3 Ba3 18. Rcd1 axb3 19. axb3 dxc4 20. bxc4 Nxc4 21. Ne4 Qg6 22. Qh4 Nb2 23. Nf6+ gxf6 24. exf6 Bxf1 25. Be4 Nxd1 26. Bxg6 fxg6 27. Kxf1 Nxc3 28. Qc4+ Nd5 29. Qxc6 Nxf6 0-1


[Site "https://www.chess.com"]

[Event "Titled Tuesday Blitz March 15 Late 2022"]
[White "Hakobyan, Aram"]
[Black "Martin Duque, Jesus"]
[WhiteFideId "13306677"]
[BlackFideId "2208954"]
[WhiteElo "2557"]
[BlackElo "2243"]
[Result "1-0"]
[Round "02"]
[TimeControl "180+1"]
[Date "2022.03.15"]
[WhiteClock "0:00:06"]
[BlackClock "0:00:16"]

1. d4 Nf6 2. c4 b6 3. Nf3 Bb7 4. a3 e6 5. Nc3 d5 6. Bg5 Be7 7. Bxf6 Bxf6 8. cxd5 exd5 9. Qb3 O-O 10. Rd1 Re8 11. e3 c6 12. Bd3 Nd7 13. O-O g6 14. Rfe1 Bg7 15. Bb1 Nf6 16. Ba2 Ne4 17. Nxe4 Rxe4 18. Rc1 Qe7 19. Qd3 Re8 20. b4 g5 21. Nd2 Re6 22. Nf1 Qf6 23. Ng3 Bf8 24. b5 c5 25. dxc5 Bxc5 26. Bxd5 Rd6 27. Nh5 Qh6 28. Bxf7+ Kxf7 29. Qf5+ Kg8 30. Ng3 Rf6 31. Qd7 Re7 32. Qd8+ Rf8 33. Qd2 Ref7 34. Rf1 g4 35. Rc4 Rxf2 36. Rxg4+ Kh8 37. Rxf2 Bxe3 38. Qc3+ Rf6 39. Nf5 Bxf2+ 40. Kxf2 Qf8 41. Rf4 Qc5+ 42. Qxc5 bxc5 43. g4 h5 44. h3 hxg4 45. hxg4 a6 46. g5 Rb6 47. bxa6 Rxa6 48. g6 Rxa3 49. Rh4+ Kg8 50. Ne7+ Kg7 51. Rh7+ Kf6 52. Rf7+ Ke6 53. g7 Ra8 54. Rf8 Ra2+ 55. Ke3 Ra3+ 56. Kd2 Ra2+ 57. Kc3 Rg2 58. g8=Q+ Rxg8 59. Nxg8 1-0


[Site "https://www.chess.com"]

[Event "Titled Tuesday Blitz March 15 Late 2022"]
[White "Hamley, Ryan"]
[Black "Araujo, Everson De Moura"]
[WhiteFideId "30959497"]
[BlackFideId "22737197"]
[WhiteElo "2543"]
[BlackElo "1995"]
[Result "1/2-1/2"]
[Round "02"]
[TimeControl "180+1"]
[Date "2022.03.16"]
[WhiteClock "0:00:11"]
[BlackClock "0:00:23"]

1. Nf3 Nf6 2. g3 e6 3. Bg2 d5 4. O-O Be7 5. b3 O-O 6. Bb2 b6 7. d4 Bb7 8. Nbd2 Nbd7 9. c4 c5 10. Rc1 Rc8 11. e3 a6 12. Qe2 Re8 13. Rfd1 Bd6 14. Ne5 Qe7 15. h4 h6 16. Nf1 Rc7 17. Rc2 Rec8 18. Rdc1 cxd4 19. exd4 Ne4 20. Nxd7 Qxd7 21. Ne3 Nf6 22. Kh2 Ne4 23. cxd5 exd5 24. Nxd5 Rxc2 25. Rxc2 Rxc2 26. Qxc2 Bxg3+ 27. fxg3 Qxd5 28. Qc7 b5 29. Qb8+ Kh7 30. Qf4 g5 31. hxg5 hxg5 32. Qf1 Kg6 33. Bc1 Qd6 34. Qf3 f5 35. Be3 Bd5 36. Bf2 Qf6 37. Kg1 Qb6 38. g4 Qe6 39. gxf5+ Qxf5 40. Be3 Qxf3 41. Bxf3 Nc3 42. Bxd5 Nxd5 43. Bd2 Kf5 44. Kf2 Ke4 45. Bxg5 Kxd4 46. Ke2 Kc3 47. a4 Kxb3 48. axb5 axb5 49. Kd3 Nb4+ 50. Kd2 Nc6 51. Kc1 Ka2 52. Bd2 Nd4 53. Bb4 Kb3 54. Be1 Nf3 55. Ba5 Ka4 56. Bd8 b4 57. Bf6 b3 58. Kb2 Nd2 59. Bh8 Nc4+ 60. Kb1 Ka3 61. Bd4 Nd2+ 62. Kc1 Nf3 63. Bg7 Ka2 64. Bf6 Nh2 65. Bg7 Ng4 66. Bh8 Nf2 67. Bg7 Nd3+ 68. Kd2 Nb4 69. Kc1 Nc2 70. Bh8 Na3 71. Bg7 Nb1 72. Bh8 Na3 73. Bg7 Nb5 74. Bh8 Ka3 75. Kb1 Kb4 76. Bg7 Nc3+ 77. Bxc3+ Kxc3 78. Kc1 Kc4 79. Kb2 Kb4 80. Kb1 Kc3 81. Kc1 Kc4 82. Kb2 Kb4 83. Kb1 Ka3 84. Ka1 b2+ 85. Kb1 Kb3 1/2-1/2


[Site "https://www.chess.com"]

[Event "Titled Tuesday Blitz March 15 Late 2022"]
[White "Hess, Max"]
[Black "Xu, Yi"]
[WhiteFideId "24656666"]
[BlackFideId "8605564"]
[WhiteElo "2276"]
[BlackElo "2471"]
[Result "0-1"]
[Round "02"]
[TimeControl "180+1"]
[Date "2022.03.16"]
[WhiteClock "0:00:12"]
[BlackClock "0:00:45"]

1. d4 Nf6 2. Nf3 d5 3. g3 e6 4. Bg2 Be7 5. O-O O-O 6. c4 dxc4 7. Qc2 a6 8. a4 Bd7 9. Rd1 Bc6 10. Nc3 Bxf3 11. Bxf3 Nc6 12. Bxc6 bxc6 13. Bg5 Rb8 14. e3 Nd5 15. Bxe7 Qxe7 16. Ne4 Qb4 17. a5 Qxb2 18. Qxc4 Qb5 19. Rdc1 Ne7 20. Nc5 Qxc4 21. Rxc4 Ra8 22. Rb1 Rfc8 23. Nd7 f6 24. Rb7 Kf7 25. Nc5 Rcb8 26. Rxc7 Rb5 27. Nb7 Kf8 28. Rc5 Rb1+ 29. Kg2 Ra7 30. Rxe7 Kxe7 0-1


[Site "https://www.chess.com"]

[Event "Titled Tuesday Blitz March 15 Late 2022"]
[White "Hess, Robert"]
[Black "Risteski, Emil"]
[WhiteFideId "2022036"]
[BlackFideId "15005267"]
[WhiteElo "2557"]
[BlackElo "2070"]
[Result "1-0"]
[Round "02"]
[TimeControl "180+1"]
[Date "2022.03.15"]
[WhiteClock "0:00:23"]
[BlackClock "0:00:04"]

1. b3 e5 2. Bb2 Nc6 3. e3 d5 4. d3 f5 5. Nd2 Nf6 6. g3 Bd6 7. Bg2 O-O 8. Ne2 Be6 9. a3 a5 10. Nf3 e4 11. Nfd4 Nxd4 12. Nxd4 Bd7 13. Qd2 Qe7 14. O-O Be5 15. Rab1 Ra6 16. a4 g5 17. f4 gxf4 18. gxf4 Bd6 19. Bh3 Ng4 20. Kh1 Bb4 21. c3 Bc5 22. Rg1 Rg6 23. c4 exd3 24. Bxg4 Bxd4 25. Bf3 Bxe3 26. Bxd5+ Rf7 27. Qc3 Qe4+ 28. Bxe4 Rfg7 29. Qxg7+ Rxg7 30. Rxg7+ Kf8 31. Bd5 d2 32. Rxd7 c6 33. Be6 1-0


[Site "https://www.chess.com"]

[Event "Titled Tuesday Blitz March 15 Late 2022"]
[White "Hirneise, Jens"]
[Black "Hartikainen, Jarmo"]
[WhiteFideId "24614734"]
[BlackFideId "503134"]
[WhiteElo "2359"]
[BlackElo "2086"]
[Result "1-0"]
[Round "02"]
[TimeControl "180+1"]
[Date "2022.03.16"]
[WhiteClock "0:01:34"]
[BlackClock "0:00:01"]

1. d4 Nf6 2. c4 g6 3. Nc3 d5 4. cxd5 Nxd5 5. Bd2 Bg7 6. e4 Nb6 7. Be3 O-O 8. h4 Nc6 9. d5 Ne5 10. Bd4 c6 11. dxc6 bxc6 12. h5 Bg4 13. f3 Be6 14. hxg6 hxg6 15. Nh3 Nxf3+ 16. gxf3 Qxd4 17. Qxd4 Bxd4 18. Ng5 Bc4 19. Rd1 Rad8 20. Rd2 Bxf1 21. Rxf1 Bxc3 22. bxc3 Rxd2 23. Kxd2 Nc4+ 24. Kd3 Ne5+ 25. Kc2 Rd8 26. Rf2 Nc4 27. Re2 e5 28. Nh3 Kg7 29. Nf2 Rb8 30. Nd3 Na3+ 31. Kd2 Nc4+ 32. Ke1 Rb1+ 33. Kf2 Rh1 34. Kg2 Ra1 35. Nb4 c5 36. Nd3 f6 37. Nxc5 Na3 38. Ne6+ Kf7 39. Nc5 1-0


[Site "https://www.chess.com"]

[Event "Titled Tuesday Blitz March 15 Late 2022"]
[White "Hoffmann, Asa"]
[Black "Sharafiev, Azat"]
[WhiteFideId "2001470"]
[BlackFideId "4186214"]
[WhiteElo "2117"]
[BlackElo "2299"]
[Result "0-1"]
[Round "02"]
[TimeControl "180+1"]
[Date "2022.03.16"]
[WhiteClock "0:00:19"]
[BlackClock "0:00:30"]

1. d4 Nf6 2. Bg5 g6 3. Nc3 d5 4. f3 h6 5. Bf4 c5 6. e4 cxd4 7. Qxd4 Nc6 8. Bb5 Bd7 9. Bxc6 Bxc6 10. e5 Nh5 11. e6 Bg7 12. exf7+ Kxf7 13. Be5 Bxe5 14. Qxe5 Qb8 15. Qe3 Qf4 16. Qxf4+ Nxf4 17. g3 d4 18. Ne4 Nd5 19. O-O-O e5 20. Ne2 Ne3 21. Rde1 Rhd8 22. Nd2 Rac8 23. Kb1 Bb5 24. c3 Bd3+ 25. Kc1 Nc2 26. f4 Nxe1 27. Rxe1 e4 28. Nb3 Bxe2 29. Rxe2 dxc3 30. bxc3 Rxc3+ 31. Kb2 Rc4 32. Nd2 Rb4+ 33. Kc3 a5 34. Nxe4 b5 35. a3 Rc4+ 36. Kb3 Rd3+ 37. Kb2 a4 38. Nd2 Rcd4 39. Kc2 Rxa3 40. Re5 Ra2+ 41. Kc3 Raxd2 0-1


[Site "https://www.chess.com"]

[Event "Titled Tuesday Blitz March 15 Late 2022"]
[White "Ibarra Jerez, Jose Carlos"]
[Black "Kashefi, Amir Hosein"]
[WhiteFideId "2226332"]
[BlackFideId "12557935"]
[WhiteElo "2626"]
[BlackElo "2107"]
[Result "1-0"]
[Round "02"]
[TimeControl "180+1"]
[Date "2022.03.16"]
[WhiteClock "0:00:58"]
[BlackClock "0:00:01"]

1. c4 g6 2. Nc3 Bg7 3. g3 d6 4. Bg2 e5 5. Nf3 Nc6 6. O-O Nh6 7. Rb1 O-O 8. b4 Be6 9. b5 Ne7 10. Ng5 Bxc4 11. Qa4 Be6 12. Nxe6 fxe6 13. Bxb7 Rb8 14. Bg2 d5 15. Ba3 e4 16. Qxa7 Nhf5 17. e3 Nd6 18. Qc5 Nef5 19. Nxd5 exd5 20. Qxd5+ Kh8 21. Bxe4 Nxe4 22. Qxe4 Re8 23. Qc4 Nd6 24. Bxd6 Qxd6 25. d4 Ra8 26. a4 Ra7 27. Rfc1 Rea8 28. a5 Rxa5 29. Qxc7 Qxc7 30. Rxc7 Ra1 31. Rxa1 Rxa1+ 32. Kg2 h5 33. b6 Rb1 34. b7 Kh7 35. d5 Kh6 36. f4 Bf8 37. e4 Bd6 38. Rd7 Bc5 39. e5 Rb2+ 40. Kf3 Rb3+ 41. Ke2 Ba7 42. d6 Rb2+ 43. Kd3 Rxh2 44. e6 Rg2 45. e7 Rxg3+ 46. Kc4 Re3 47. Rd8 h4 48. e8=Q Rxe8 49. Rxe8 Kg7 50. d7 h3 51. d8=Q h2 52. Qe7+ Kh6 53. Rh8# 1-0


[Site "https://www.chess.com"]

[Event "Titled Tuesday Blitz March 15 Late 2022"]
[White "Indjic, Aleksandar"]
[Black "Ezat, Mohamed"]
[WhiteFideId "911925"]
[BlackFideId "10600906"]
[WhiteElo "2616"]
[BlackElo "2386"]
[Result "1-0"]
[Round "02"]
[TimeControl "180+1"]
[Date "2022.03.15"]
[WhiteClock "0:00:42"]
[BlackClock "0:00:12"]

1. e4 c6 2. d4 d5 3. e5 c5 4. dxc5 Nc6 5. f4 Bf5 6. Nf3 e6 7. Be3 h5 8. c3 Nh6 9. Bd3 Bxd3 10. Qxd3 Nf5 11. Bf2 h4 12. Nbd2 Be7 13. O-O g5 14. fxg5 Bxg5 15. b4 Bxd2 16. Qxd2 Rg8 17. Qf4 h3 18. g4 Rg6 19. Kh1 Nh6 20. Bh4 Qc7 21. Rg1 a5 22. a3 b6 23. b5 Ne7 24. c6 O-O-O 25. Nd4 Rdg8 26. Rg3 Nxg4 27. Bxe7 Qxe7 28. Rag1 Qh4 29. Qxf7 R6g7 30. Qxe6+ Kb8 31. Qf5 Qh5 32. Qf4 Rf7 33. Rxg4 Rxf4 34. Rxg8+ Kc7 35. Ne6# 1-0


[Site "https://www.chess.com"]

[Event "Titled Tuesday Blitz March 15 Late 2022"]
[White "Jacobson, Brandon"]
[Black "Kozlov, Gennady"]
[WhiteFideId "30901561"]
[BlackFideId "4191668"]
[WhiteElo "2362"]
[BlackElo "2392"]
[Result "1-0"]
[Round "02"]
[TimeControl "180+1"]
[Date "2022.03.15"]
[WhiteClock "0:00:12"]
[BlackClock "0:01:00"]

1. Nf3 d5 2. c4 c6 3. e3 Nf6 4. Nc3 e6 5. b3 Be7 6. Bb2 O-O 7. Qc2 a5 8. d4 Na6 9. a3 Bd7 10. Bd3 Nc7 11. e4 dxe4 12. Nxe4 h6 13. Nxf6+ Bxf6 14. Qe2 Re8 15. Qe4 g6 16. Ne5 Bxe5 17. Qxe5 f6 18. Qe4 f5 19. Qe5 Re7 20. O-O-O Ne8 21. d5 Ng7 22. d6 Rf7 23. f4 Qb6 24. Bc2 c5 25. g4 a4 26. gxf5 exf5 27. Rhg1 Re8 28. Qc3 Re6 29. Rd3 axb3 30. Bxb3 Be8 31. Qd2 Rd7 32. Be5 g5 33. Ba4 Rf7 34. d7 Bxd7 35. Bxd7 Ree7 36. Rd6 Qa7 37. Bb2 b6 38. fxg5 h5 39. g6 Rxd7 40. gxf7+ Rxf7 41. Rd8+ Kh7 42. Qh6+ Kxh6 43. Rh8# 1-0


[Site "https://www.chess.com"]